 Dungeon Crawl Stone Soup version 0.18.1-8-gdd0e5ea (webtiles) character file.

11252 Iamburgie the Fighter (level 11, -8/79 HPs)
             Began as a Gargoyle Fighter on May 31, 2016.
             Was the Champion of Okawaru.
             Mangled by a hill giant
             ... wielding a +0 giant spiked club
              (14 damage)
             ... on level 11 of the Dungeon.
             The game lasted 00:21:54 (9401 turns).

Iamburgie the Fighter (Gargoyle Fighter)            Turns: 9401, Time: 00:21:55

Health: -8/79      AC: 21    Str: 20    XL:     11   Next: 74%
Magic:  11/11      EV:  3    Int:  9    God:    Okawaru [******]
Gold:   686        SH: 10    Dex: 12    Spells: 0 memorised, 10 levels left

rFire  + . .     SeeInvis .     G - +3 war axe of Quantum Leap {chop, rF+}
rCold  . . .     Gourm    .     r - +1 plate armour {rPois}
rNeg   + . .     Faith    .     c - +1 shield
rPois  ∞         Spirit   .     (no helmet)
rElec  +         Dismiss  .     (no cloak)
rCorr  .         Reflect  .     (no gloves)
SustAt +         Harm     .     m - +0 pair of boots
MR     .....                    (no amulet)
Stlth  ..........               H - ring of sustain attributes
                                (no ring)

@: not resistant to hostile enchantments, extremely unstealthy
A: negative energy resistance 1, electricity resistance, unbreathing,
petrification resistance, rot immunity, AC +7
a: Heroism, Finesse, Renounce Religion


You were on level 11 of the Dungeon.
You worshipped Okawaru.
Okawaru was exalted by your worship.
You were not hungry.

You visited 1 branch of the dungeon, and saw 11 of its levels.

You collected 686 gold pieces.

Inventory:

Hand Weapons
 k - a +3 hand axe of electrocution
 G - the +3 war axe of Quantum Leap (weapon) {chop, rF+}
   (You found it on level 10 of the Dungeon)

   It inflicts extra damage upon your enemies.
   It protects you from fire.
 I - the +5 scythe "Finisher" {speed, Str+3}
   (Okawaru gifted it to you on level 11 of the Dungeon)

   Attacks with this weapon are significantly faster.
   It affects your strength (+3).
Missiles
 x - 7 needles of sleeping
Armour
 b - a +0 scale mail
 c - a +1 shield (worn)
 m - a +0 pair of boots (worn)
 r - a +1 plate armour of poison resistance (worn)
Jewellery
 H - a ring of sustain attributes (right hand)
Wands
 t - a wand of heal wounds (4/9)
 u - a wand of teleportation (5/9)
 y - a wand of digging (13/24)
 F - a wand of slowing (27/48)
 L - a wand of lightning (6/15)
Scrolls
 a - a scroll of fear
 e - a scroll of blinking
 i - 3 scrolls of enchant armour
 B - 2 scrolls of remove curse
 E - 2 scrolls of teleportation
 J - a scroll of identify
 N - a scroll of holy word
Potions
 d - a potion of might
 g - a potion of cure mutation
 j - a potion of mutation
 l - 2 potions of lignification
 p - 3 potions of curing
 q - a potion of ambrosia
 s - a potion of haste {unknown}
 v - a potion of invisibility {unknown}
 w - a potion of berserk rage {unknown}
 z - 3 potions of magic {unknown}
 A - 2 potions of heal wounds {unknown}
 C - a potion of degeneration {unknown}
Books
 K - a book of Cantrips

   Spells                             Type                      Level
   a - Corona                         Hexes                        1
   b - Animate Skeleton               Necromancy                   1
   c - Summon Small Mammal            Summoning                    1
   d - Apportation                    Translocation                1
Comestibles
 f - 6 bread rations
 h - 4 meat rations
 n - 7 slices of pizza
 o - 5 beef jerkies
 D - a royal jelly
 M - 8 chunks of flesh


   Skills:
 + Level 13.9 Fighting
 + Level 11.9 Axes
 - Level 3.2 Armour
 - Level 3.2 Shields


You had 10 spell levels left.
You didn't know any spells.

Dungeon Overview and Level Annotations

Branches:
Dungeon (11/15)            Temple (0/1) D:4            Lair (0/8) D:10
    Orc (0/2) D:10

Altars:
Dithmenos
Fedhas
Gozag
Kikubaaqudgha
Nemelex Xobeh
Okawaru
Qazlal
Ru
Xom
Zin
The Shining One

Portals:
Trove: D:10 (show abyssal rune of Zot)

Annotations:
D:9 1 runed door


Innate Abilities, Weirdness & Mutations

You are resistant to torment.
Your stone body is resilient (AC +7).
You are immune to poison.
You resist negative energy.
You are resistant to electric shocks.
You can survive without breathing.
You are immune to petrification.
You are immune to rotting.


Message History

You continue eating. x2
A hill giant comes into view. It is wielding a giant spiked club.
The hill giant shouts!
The hill giant hits you with a giant spiked club!!
You hit the hill giant.
The hill giant is lightly wounded.
The hill giant hits you with a giant spiked club!!
You hit the hill giant.
The hill giant is lightly wounded.
You hit the hill giant.
The hill giant is moderately wounded.
The hill giant hits you with a giant spiked club!!
* * * LOW HITPOINT WARNING * * *
You are too injured to fight recklessly!
You are too injured to fight recklessly!
You are too injured to fight recklessly!
You slash the hill giant!
The hill giant is moderately wounded.
The hill giant hits you with a giant spiked club!
You die...

#...# #.# ..# #.##.##>#
##.#####.# #.# #(##.##.#
#.<.....# #.# #.##.##.# ######..#
#.#.# #....)..# #..# #.#.#
####)#### #..# #.#.# #.# #..#
#.#.# #.# #..###.#C# #.#
#..#.#.#@######.######
#......#.............#
###.######..............####.#
.....)))......<#############.####
..>..#####.###.# ####..........#
###. #.# #.# #.......##.##.. #
#.# #.# #.#####.##.####
#.###.####.# #.##.# #........).#
#.##.#


You could see a hill giant.

Vanquished Creatures
  A centaur warrior (D:10)
  An orc high priest (D:10)
  An unseen horror (D:10)
  2 hill giants (D:11)
  2 gargoyles (D:11)
  2 trolls
  The ghost of Iamburgie the Skirmisher, an amateur GrFi (D:4)
  10 yaks
  Sigmund (D:6)
  A wraith (D:11)
  Eustachio (D:4)
  2 hungry ghosts (D:8)
  A basilisk (D:11)
  A wyvern (D:9)
  A human (D:8)
  A water moccasin (D:10)
  4 orc warriors
  2 phantoms
  An eye of draining (D:10)
  A wasp (D:10)
  8 ice beasts
  3 ogres
  5 centaurs
  2 giant frogs
  A water moccasin zombie (D:10)
  4 scorpions
  A wyvern skeleton (D:10)
  5 wights (D:8)
  7 howler monkeys
  5 crimson imps
  A jelly (D:5)
  A centaur zombie (D:5)
  A giant frog zombie (D:8)
  5 hounds
  5 orc priests
  12 orc wizards
  2 centaur skeletons (D:10)
  A giant frog skeleton (D:11)
  Ijyb (D:3)
  3 iguanas
  Natasha (twice) (D:2)
  10 worker ants
  3 sheep (D:8)
  A hound skeleton (D:10)
  A howler monkey zombie (D:5)
  10 adders
  4 river rats (D:10)
  4 shadow imps
  3 oozes
  An adder zombie (D:5)
  A worm (D:2)
  9 giant geckos
  44 orcs
  16 bats
  5 giant cockroaches
  10 hobgoblins
  3 jackals (D:8)
  12 kobolds
  4 quokkas
  A ball python (D:2)
  A giant gecko zombie (D:8)
  6 giant newts
  6 goblins
  A jackal skeleton (D:6)
  16 rats
  A fungus (D:10)
  5 plants (D:10)
290 creatures vanquished.

Notes
Turn   | Place    | Note
--------------------------------------------------------------
     0 | D:1      | Iamburgie the Gargoyle Fighter began the quest for the Orb.
     0 | D:1      | Reached XP level 1. HP: 14/14 MP: 1/1
   156 | D:1      | Reached XP level 2. HP: 17/19 MP: 2/2
   889 | D:1      | Reached XP level 3. HP: 24/24 MP: 3/3
   930 | D:2      | Reached skill level 4 in Fighting
  1075 | D:2      | Found an iron altar of Okawaru.
  1088 | D:2      | Reached XP level 4. HP: 24/30 MP: 4/4
  1098 | D:2      | Became a worshipper of Warmaster Okawaru
  1277 | D:2      | Noticed Natasha
  1287 | D:2      | Killed Natasha
  1294 | D:2      | Noticed Natasha
  1306 | D:2      | Killed Natasha
  1306 | D:2      | Reached XP level 5. HP: 3/34 MP: 5/5
  1736 | D:2      | Found a glowing golden altar of the Shining One.
  1996 | D:3      | Noticed Ijyb
  2002 | D:3      | Killed Ijyb
  2002 | D:3      | Reached skill level 5 in Fighting
  2063 | D:3      | Reached XP level 6. HP: 40/40 MP: 6/6
  2075 | D:3      | Found an ancient bone altar of Kikubaaqudgha.
  2289 | D:3      | Found a shadowy altar of Dithmenos.
  2464 | D:4      | Reached * piety under Okawaru
  2478 | D:4      | Noticed Eustachio
  2519 | D:4      | Reached skill level 6 in Fighting
  2562 | D:4      | Killed Eustachio
  2562 | D:4      | Reached skill level 5 in Axes
  2562 | D:4      | Reached XP level 7. HP: 38/47 MP: 7/7
  2759 | D:4      | Noticed Iamburgie's ghost (amateur GrFi)
  2781 | D:4      | Killed Iamburgie's ghost
  2781 | D:4      | Reached ** piety under Okawaru
  2781 | D:4      | Reached skill level 7 in Fighting
  2941 | D:4      | Found a staircase to the Ecumenical Temple.
  3016 | D:4      | Found an opulent altar of Gozag.
  3220 | D:5      | Entered Level 5 of the Dungeon
  3293 | D:5      | Reached XP level 8. HP: 51/54 MP: 8/8
  3479 | D:5      | Reached skill level 8 in Fighting
  3692 | D:5      | Found a sparkling altar of Nemelex Xobeh.
  4028 | D:6      | Noticed Sigmund
  4048 | D:6      | Killed Sigmund
  4048 | D:6      | Reached *** piety under Okawaru
  4225 | D:5      | Found a glowing silver altar of Zin.
  4874 | D:6      | HP: 2/55 [ice beast (5)]
  5062 | D:6      | Reached skill level 9 in Fighting
  5183 | D:7      | Reached XP level 9. HP: 55/60 MP: 9/9
  5643 | D:7      | Found a sacrificial altar of Ru.
  5643 | D:7      | Found a blossoming altar of Fedhas.
  5671 | D:7      | Identified a scroll of acquirement
  5723 | D:8      | Reached skill level 10 in Fighting
  5736 | D:8      | Reached **** piety under Okawaru
  6382 | D:8      | Reached XP level 10. HP: 62/68 MP: 7/10
  6386 | D:8      | Reached skill level 11 in Fighting
  6593 | D:8      | Reached ***** piety under Okawaru
  6795 | D:9      | Found a glowing golden altar of the Shining One.
  6795 | D:9      | Found a runed door.
  6795 | D:9      | Noticed an angel
  6830 | D:9      | Reached skill level 10 in Axes
  6840 | D:9      | Received a gift from Okawaru
  6855 | D:9      | Reached skill level 12 in Fighting
  6880 | D:9      | Found a stormy altar of Qazlal.
  6990 | D:9      | Noticed an angel
  6991 | D:9      | Found a glowing silver altar of Zin.
  6991 | D:9      | Found a shimmering altar of Xom.
  7266 | D:10     | Entered Level 10 of the Dungeon
  7408 | D:10     | Found a staircase to the Lair.
  7517 | D:10     | Killed an unseen horror
  7615 | D:10     | Reached XP level 11. HP: 75/76 MP: 11/11
  7676 | D:10     | Got a faintly glowing war axe
  7799 | D:10     | Noticed a centaur warrior
  7811 | D:10     | Killed a centaur warrior
  7836 | D:10     | Reached skill level 13 in Fighting
  7872 | D:10     | Found a portal to a secret trove of treasure.
  8063 | D:10     | Noticed an orc high priest
  8083 | D:10     | Killed an orc high priest
  8093 | D:10     | Found a staircase to the Orcish Mines.
  8417 | D:10     | Reached ****** piety under Okawaru
  8575 | D:10     | Identified the +3 war axe of Quantum Leap {chop, rF+} (You found it on level 10 of the Dungeon)
  8682 | D:11     | Noticed a hill giant
  8693 | D:11     | Killed a hill giant
  9168 | D:11     | Noticed a hill giant
  9180 | D:11     | Killed a hill giant
  9180 | D:11     | Received a gift from Okawaru
  9242 | D:11     | Noticed a four-headed hydra
  9395 | D:11     | Noticed a hill giant
  9401 | D:11     | Mangled by a hill giant

Skill      XL: |  1  2  3  4  5  6  7  8  9 10 11 |
---------------+----------------------------------+-----
Axes           | 2 3 4 5 6 7 9 10 11 | 11.9
Fighting       | 4 5 6 7 9 10 12 13 | 13.9
Armour         | |  3.2
Shields        | |  3.2

Action                   |  1- 3 |  4- 6 |  7- 9 | 10-12 || total
-------------------------+-------+-------+-------+-------++-------
Melee: War axe           |   107 |   126 |       |   100 ||   333
       Hand axe          |       |    47 |   271 |   320 ||   638
Invok: Heroism           |       |       |     1 |     1 ||     2
  Use: Scroll            |       |    10 |     7 |     8 ||    25
       Potion            |       |       |     1 |       ||     1
  Eat: Chunk             |     1 |     5 |    22 |    11 ||    39
       Pizza             |       |       |     1 |       ||     1
       Bread ration      |       |       |     1 |       ||     1
Armor: Scale mail        |    66 |   118 |    78 |       ||   262
       Plate armour      |       |       |    62 |   239 ||   301
Dodge: Dodged            |    41 |    67 |    51 |    32 ||   191
Block: Shield            |    66 |   103 |   145 |   146 ||   460
